 Dungeon Crawl Stone Soup version 0.22.1 (webtiles) character file.

50 dohliylev the Sneak (level 3, -1/24 HPs)
             Began as a Vampire Enchanter on Sept 19, 2018.
             Killed from afar by an orc wizard (4 damage)
             ... with a magic dart
             ... on level 2 of the Dungeon.
             The game lasted 00:04:34 (1128 turns).

dohliylev the Sneak (Vampire Enchanter)             Turns: 1128, Time: 00:04:35

Health: -1/24      AC:  2    Str:  7    XL:     3   Next: 55%
Magic:  0/6        EV: 13    Int: 18    God:
Gold:   102        SH:  0    Dex: 14    Spells: 3/6 levels left

rFire    . . .     SeeInvis +   a - +1 dagger
rCold    . . .     Gourm    .   (no shield)
rNeg     . . .     Faith    .   b - +0 robe
rPois    .         Spirit   .   (no helmet)
rElec    .         Reflect  .   (no cloak)
rCorr    .         Harm     .   (no gloves)
MR       .....                  (no boots)
Stlth    ++........             (no amulet)
HPRegen  0.28/turn              l - ring of attention (curse)
MPRegen  0.10/turn              (no ring)

@: about to teleport, regenerating quickly
A: fangs 3, see invisible, unbreathing
a: no special abilities


You were on level 2 of the Dungeon.
You were very full.

You visited 1 branch of the dungeon, and saw 2 of its levels.

You collected 102 gold pieces.

Inventory:

Hand Weapons
 a - a +1 dagger (weapon)
Armour
 b - a +0 robe (worn)
Jewellery
 l - a cursed ring of attention (left hand)
Scrolls
 c - 3 scrolls of teleportation
 e - 5 scrolls of remove curse {unknown}
 g - 2 scrolls of identify {unknown}
 i - a scroll of fog {unknown}
 j - a scroll of immolation {unknown}
Potions
 d - 6 potions of blood
 f - 2 potions of ambrosia {unknown}
 h - 2 potions of degeneration {unknown}
 k - a potion of cancellation {unknown}
 m - a potion of haste {unknown}
 n - a potion of curing {unknown}


   Skills:
 + Level 1.4 Short Blades
 + Level 2.9 Dodging
 + Level 6.2 Stealth
 - Level 2.0 Spellcasting
 - Level 4.4 Hexes
 - Level 0.2 Ice Magic


You had 3 spell levels left.
You knew the following spells:

 Your Spells              Type           Power        Failure   Level  Hunger
a - Corona                Hex            ###....      3%          1    #......
b - Ensorcelled Hibernat  Hex/Ice        ##....       11%         2    ###....

Your spell library contained the following spells:

 Spells                   Type           Power        Failure   Level  Hunger
 Confuse                  Hex            ###.....     9%          3    ###....
 Tukima's Dance           Hex            ###.....     9%          3    ###....
 Dazzling Spray           Conj/Hex       #.....       22%         3    ###....


Dungeon Overview and Level Annotations

Branches:
Dungeon (2/15)

Altars:


Innate Abilities, Weirdness & Mutations

Your natural rate of healing is unusually fast.
You have razor-sharp teeth.
You have supernaturally acute eyesight. (SInv)
You can survive without breathing.


Message History

The orc wizard seems to speed up.
Casting: Ensorcelled Hibernation (safe; 11% risk of failure)
Confirm with . or Enter, or press ? or * to list all spells.
Aiming: Ensorcelled Hibernation (safe; 11% risk of failure)
Press: ? - help, Shift-Dir - straight line, f/p - orc priest
Aim: an orc priest, wielding a short sword and wearing a ring mail (chance to The orc priest resists with some effort.
The orc priest calls down the wrath of Beogh upon you.
Pain shoots through your body!
Ouch! That really hurt!
* * * LOW HITPOINT WARNING * * *
As you read the scroll labeled UTHRIR EXYKHATAOL, it crumbles to dust.
You feel strangely unstable.
It was a scroll of teleportation.
The orc wizard barely misses you.
The orc priest hits you with a short sword.
* * * LOW HITPOINT WARNING * * *
The orc wizard hits you but does no damage.
The orc wizard points at you and mumbles some strange words.
The magic dart hits you!
You die...

#.>..o...<... ...
#.....# #. #.
#.....#.... #.##.
#####.#....###.##.
#.#...........
######.#........... #..
#......# ..........
#...#...o..# #.#.......
#...#.@.o..# #.#.......
#...##.(.#.# #.#.......
#...##...#.#.#.####....
#............#.........
#............#.......#.
#............#.........
#......................
#......................
#................#.....


You could see an orc priest and an orc wizard.

Vanquished Creatures
  An adder (D:2)
  An ooze (D:2)
  2 giant cockroaches
  7 goblins
  6 hobgoblins
  3 jackals (D:2)
  2 bats (D:1)
  5 frilled lizards
  2 kobolds (D:1)
  4 rats
33 creatures vanquished.

Notes
Turn   | Place    | Note
-------+----------+-------------------------------------------
     0 | D:1      | dohliylev the Vampire Enchanter began the quest for the
                  | Orb.
     0 | D:1      | Reached XP level 1. HP: 13/13 MP: 3/3
   135 | D:1      | Reached skill level 5 in Stealth
   178 | D:1      | Reached XP level 2. HP: 17/19 MP: 5/5
   187 | D:1      | Learned a level 2 spell: Ensorcelled Hibernation
   689 | D:2      | Reached XP level 3. HP: 15/24 MP: 6/6
   767 | D:2      | Reached skill level 6 in Stealth
  1128 | D:2      | Killed from afar by an orc wizard

Skill      XL: |  1  2  3 |
---------------+----------+-----
Stealth        | 5 6 |  6.2
Short Blades   | |  1.4
Dodging        | |  2.9
Spellcasting   | |  2.0
Hexes          | |  4.4
Ice Magic      | |  0.2

Action                   || total
-------------------------++-------
Melee: Dagger            ||   127
       Bite              ||     5
 Cast: Ensorcelled Hiber ||    13
  Use: Scroll            ||     1
 Stab: Sleeping          ||    12
  Eat: Corpse            ||    11
Armor: Robe              ||    17
Dodge: Dodged            ||    68
